Map: Tokamak LE

Players

LigerMaNN

  • Race: Zerg Zerg
  • League: Diamond
  • Spawn Location: 7:00

iGetBuckets - Winner!

  • Race: Protoss Protoss
  • League: Diamond
  • Spawn Location: 1:00

VOD

Have the link to the VOD?

Description

Time

  • Played on: June 26, 2025, 2:02 a.m.
  • Length: 9:40
Show
View Real Time Build Order
Export as new Build Order

LigerMaNN Zerg 

Build Orders: Hatch First 

Get SALT Encoding   

  12  0:00  Drone  
  13  0:12  Overlord  
  13  0:16  Drone  
  14  0:31  Drone x2  
  16  0:53  Drone  
  16  0:54  Drone  
  16  0:55  Hatchery  
  17  1:02  Drone  
  18  1:12  Extractor  
  18  1:16  Spawning Pool  
  18  1:17  Drone  
  17  1:19  Drone  
  18  1:28  Drone  
  19  1:41  Drone  
  20  1:49  Drone  
  21  2:00  Overlord  
  21  2:13  Zergling x2  
  22  2:23  Drone  
  22  2:26  Queen x2  
  22  2:28  Drone  
  22  2:29  Drone  
  29  2:43  Drone x3  
  29  2:44  Drone  
  33  2:48  Hatchery  
  32  2:52  Zergling x2  
  32  2:54  Metabolic Boost  
  33  3:14  Queen  
  33  3:15  Drone  
  33  3:17  Overlord  
  33  3:18  Overlord x2  
  36  3:28  Overlord x3  
  35  3:47  Zergling x8  
  39  3:55  Drone  
  39  3:56  Drone x5  
  39  4:02  Drone  
  38  4:13  Drone  
  38  4:14  Drone x8  
  45  4:31  Spore Crawler  
  45  4:32  Spore Crawler  
  42  4:39  Spore Crawler  
  42  4:42  Drone  
  42  4:43  Drone x8  
  50  4:48  Lair  
  50  4:54  Evolution Chamber  
  49  5:00  Roach Warren  
  48  5:09  Drone x7  
  55  5:16  Drone, Extractor  
  55  5:17  Drone x2  
  55  5:18  Drone x2  
  55  5:20  Overlord  
  55  5:40  Queen  
  57  5:47  Glial Reconstitution, Zerg Missile Weapons Level 1  
  57  5:50  Drone, Extractor  
  57  5:51  Drone x2, Extractor  
  57  5:52  Drone x3  
  61  5:59  Queen  
  63  6:05  Hatchery  
  63  6:06  Roach x2  
  63  6:07  Roach  
  68  6:12  Overlord  
  68  6:13  Overlord x2  
  70  6:25  Roach  
  70  6:26  Roach x7  
  84  6:38  Roach x5  
  94  6:41  Overlord x3  
  94  6:44  Overseer  
  94  6:59  Roach x9  
  112  7:17  Pneumatized Carapace  
  112  7:24  Roach  
  114  7:37  Overlord x8  
  114  7:38  Overlord x2  
  114  7:47  Roach x3  
  114  7:48  Roach x5  
  114  7:50  Zergling x8  
  102  8:14  Roach x9  
  102  8:16  Zergling x18  
  127  8:30  Roach x3  
  127  8:31  Roach x2  
  132  8:50  Roach x6  
  132  8:55  Drone x3, Extractor  
  145  8:56  Extractor  
  145  8:58  Drone  
  145  8:59  Drone x2  
  145  9:00  Drone x3  
  119  9:15  Roach x8  
Show
View Real Time Build Order
Export as new Build Order

iGetBuckets Protoss - Winner!

Build Orders: 1 Gate Expand, Oracle Opening 

Get SALT Encoding   

  12  0:00  Probe  
  13  0:12  Probe  
  14  0:19  Pylon  
  14  0:24  Probe  
  15  0:35  Probe  
  15  0:41  Gateway  
  16  0:43  Probe  
  17  0:50  Assimilator  
  17  0:51  Probe  
  18  1:04  Probe  
  19  1:16  Probe  
  20  1:26  Nexus  
  20  1:42  Cybernetics Core  
  20  1:49  Pylon  
  20  1:56  Probe  
  21  2:07  Assimilator  
  22  2:08  Probe  
  22  2:10  Adept  
  22  2:13  Pylon  
  22  2:20  Probe  
  25  2:32  Probe  
  25  2:37  Adept  
  26  2:39  Stargate  
  26  2:42  Probe  
  26  2:44  Probe  
  26  2:45  Warp Gate  
  29  2:54  Probe  
  29  2:55  Gateway  
  29  2:57  Probe  
  31  3:06  Probe  
  31  3:09  Adept  
  31  3:10  Probe  
  31  3:12  Oracle  
  35  3:19  Probe  
  36  3:20  Pylon  
  36  3:22  Probe  
  40  3:31  Probe  
  40  3:34  Probe  
  42  3:42  Adept  
  42  3:43  Probe, Adept  
  47  3:48  Probe  
  48  3:55  Probe  
  48  4:02  Probe  
  50  4:11  Oracle  
  50  4:21  Nexus  
  50  4:22  Pylon  
  49  4:27  Probe x2  
  51  4:39  Probe, Assimilator  
  51  4:43  Stalker, Assimilator  
  51  4:45  Stalker  
  56  4:48  Probe  
  56  4:52  Twilight Council  
  55  4:55  Gateway, Forge, Probe  
  55  4:57  Gateway  
  56  5:03  Shield Battery  
  56  5:05  Probe  
  56  5:06  Pylon, Probe  
  57  5:13  Probe  
  58  5:15  Probe  
  58  5:18  Pylon  
  60  5:21  Probe  
  61  5:29  Blink  
  61  5:31  Probe, Stalker x2  
  61  5:33  Probe  
  61  5:35  Protoss Ground Weapons Level 1  
  65  5:38  Probe  
  66  5:43  Probe  
  67  5:50  Gateway  
  67  5:52  Gateway  
  67  5:53  Probe x2  
  69  6:00  Probe  
  70  6:05  Probe, Photon Cannon  
  70  6:06  Probe  
  70  6:08  Pylon  
  72  6:12  Pylon  
  72  6:21  Stalker x2  
  72  6:22  Stalker x2  
  78  6:34  Probe  
  79  6:41  Probe x2  
  79  6:44  Pylon  
  79  6:46  Stalker x5  
  91  6:50  Stalker  
  93  6:58  Probe  
  93  7:00  Pylon  
  94  7:02  Probe  
  94  7:06  Photon Cannon  
  95  7:17  Photon Cannon  
  95  7:21  Stalker x4  
  95  7:22  Stalker x2  
  107  7:26  Charge  
  107  7:41  Probe  
  108  7:44  Photon Cannon  
  108  7:45  Photon Cannon  
  108  7:46  Gateway  
  108  7:49  Stalker  
  108  7:50  Stalker x2, Void Ray  
  114  7:51  Gateway  
  114  7:53  Gateway  
  118  8:14  Stalker  
  118  8:15  Stalker x2  
  118  8:17  Probe  
  125  8:20  Pylon  
  125  8:21  Pylon  
  125  8:23  Pylon  
  125  8:33  Nexus  
  125  8:47  Stalker x5  
  125  8:48  Stalker x3  
  133  9:16  Stalker x5  
  141  9:17  Stalker x3  
  145  9:25  Gateway  
Tags
 
Add a new tag
Caveats
  • Supply blocks, unpowered buildings, or Contaminate may cause inaccurate times.
  • Supply counts are checked every 10 seconds.